 Dungeon Crawl Stone Soup version 0.29.1-12-g30fa7ad0bf (webtiles) character file.

Game seed: 15763239996744474313

43397 Timisetechie the Severer (level 14, -3/133 HPs)
             Began as a Hill Orc Fighter on Dec 24, 2022.
             Was a High Priest of Beogh.
             Slain by Aizul (16 damage)
             ... on level 1 of the Spider Nest.
             The game lasted 00:54:40 (12327 turns).

Timisetechie the Severer (Hill Orc Fighter)        Turns: 12327, Time: 00:54:40

Health: -3/133     AC: 33    Str: 30    XL:     14   Next: 24%
Magic:  14/14      EV: 10    Int: 11    God:    Beogh [*****.]
Gold:   834        SH: 13    Dex: 16    Spells: 13/13 levels left

rFire   + . .      SeeInvis .   q - +6 war axe (flame)
rCold   . . .      Faith    .   e - +1 kite shield {AC+3}
rNeg    . . .      Spirit   .   c - +4 plate armour {rF+}
rPois   .          Reflect  .   p - +2 helmet {Int+3}
rElec   .          Harm     .   g - +1 cloak
rCorr   .          Rampage  .   C - +0 pair of gloves
Will    +....                   h - +2 pair of boots
Stlth   ..........              f - amulet of regeneration
HPRegen 1.12/turn               x - +6 ring of strength
MPRegen 0.14/turn               v - +6 ring of dexterity

@: lethally poisoned (-3 -> -9), about to teleport
A: walk on water
a: Renounce Religion, Smiting, Recall Orcish Followers, Give Item to Named
Follower


You were on level 1 of the Spider Nest.
You worshipped Beogh.
Beogh was extremely pleased with you.
You visited 3 branches of the dungeon, and saw 16 of its levels.
You also visited: Bailey.

You collected 999 gold pieces.
You spent 165 gold pieces at shops.

Inventory:

Hand Weapons
 q - a +6 war axe of flaming (weapon)
Missiles
 n - 7 curare-tipped darts (quivered)
 t - 14 poisoned darts
 y - 3 throwing nets
Armour
 c - a +4 plate armour of fire resistance (worn)
 e - a +1 kite shield of protection (worn)
 g - a +1 cloak (worn)
 h - a +2 pair of boots (worn)
 p - a +2 helmet of intelligence (worn)
 C - a +0 pair of gloves (worn)
Jewellery
 f - an amulet of regeneration (around neck)
 v - a +6 ring of dexterity (right hand)
 x - a +6 ring of strength (left hand)
Wands
 d - a wand of mindburst (21)
 k - a wand of flame (30)
 r - a wand of roots (14)
 s - a wand of quicksilver (4)
 u - a wand of paralysis (11)
 w - a wand of digging (13)
Scrolls
 j - a scroll of amnesia
 l - a scroll of magic mapping
 m - 5 scrolls of fog
 F - 7 scrolls of identify
Potions
 a - 2 potions of curing
 z - a potion of brilliance
 A - a potion of ambrosia
 B - 3 potions of flight
 E - a potion of invisibility


   Skills:
 + Level 14.5 Fighting
 + Level 17.8 Axes
 + Level 12.4 Armour
 + Level 5.8 Dodging
 + Level 1.2 Stealth
 + Level 12.0 Shields


You had 13 spell levels left.
You didn't know any spells.
Your spell library contained the following spells:

 Spells                   Type           Power      Damage    Failure   Level
 Magic Dart               Conj           0%         1d3       99%         1
 Sting                    Tmut/Pois      0%         1d3       99%         1
 Poisonous Vapours        Pois/Air       0%         N/A       100%        2
 Searing Ray              Conj           0%         2d4       100%        2
 Gell's Gravitas          Tloc           0%         N/A       100%        3
 Portal Projectile        Hex/Tloc       0%         N/A       100%        3
 Teleport Other           Tloc           0%         N/A       100%        3
 Tukima's Dance           Hex            0%         N/A       100%        3
 Animate Dead             Necr           0%         N/A       100%        4
 Corpse Rot               Necr/Pois/Air  0%         N/A       100%        4
 Fulminant Prism          Conj/Hex       0%         3d6       100%        4
 Olgreb's Toxic Radiance  Pois           0%         N/A       100%        4
 Passage of Golubria      Tloc           0%         N/A       100%        4
 Blade Hands              Tmut           0%         N/A       100%        5
 Borgnjor's Vile Clutch   Necr/Erth      0%         N/A       100%        5
 Fireball                 Conj/Fire      0%         3d3       100%        5
 Iskenderun's Battlesphe  Conj           0%         2d6       100%        5
 Yara's Violent Unravell  Hex/Tmut       0%         3d3       100%        5
 Conjure Ball Lightning   Conj/Air       0%         3x3d6     100%        6
 Death Channel            Necr           0%         N/A       100%        6
 Dispersal                Tloc           0%         N/A       100%        6
 Orb of Destruction       Conj           0%         9d5       100%        7


Dungeon Overview and Level Annotations

Branches:
Dungeon (12/15)            Temple (0/1) D:6            Lair (3/5) D:10
  Swamp (0/4) Lair:2       Spider (1/4) Lair:3       Bailey (visited)
    Orc: D:9-12

Altars:
Cheibriados
Dithmenos
Elyvilon
Fedhas
Gozag
Hepliaklqana
Kikubaaqudgha
Makhleb
Okawaru
Qazlal
Sif Muna
Trog
Uskayaw
Wu Jian
Xom
Yredelemnul
Zin
The Shining One

Shops:
D:2 (   D:3 :[   D:8 :   D:11 *

Annotations:
D:4 Blork the orc
D:9 2 runed translucent doors
D:10 1 runed translucent door
D:12 Azrael
Spider:1 Aizul


Message History

You hit Aizul. You burn Aizul.
Aizul is heavily wounded.
You feel extremely sick. Aizul hits you but does no damage.
You slice Aizul!! You burn Aizul!
Aizul is severely wounded.
You feel very sick. Aizul casts a spell at you. The poison arrow hits you!!
You are more poisoned.
* * * LOW HITPOINT WARNING * * *
Aizul casts a spell at you.
You fall asleep.
* * * LOW HITPOINT WARNING * * *
You feel extremely sick. Aizul casts a spell at you. The poison arrow hits you.
You are more poisoned.
You wake up.
* * * LOW HITPOINT WARNING * * *
You feel better. Aizul hits you but does no damage. Aizul casts a spell at you.
You block the poison arrow.
As you read the scroll of teleportation, it crumbles to dust.
You feel strangely unstable. Aizul casts a spell at you.
The bolt of poison hits you!
You are poisoned.
* * * LOW HITPOINT WARNING * * *
As you read the scroll labelled WIFOFFYSEU, it crumbles to dust.
Wisps of shadow whirl around you...
It was a scroll of summoning.
You feel very sick. Aizul completely misses you.
Aizul coils herself and waves her upper body at you.
The bolt of poison misses you.
As you read the scroll of fog, it crumbles to dust.
The scroll dissolves into smoke.
You feel very sick. Aizul hits you!
You die...

## ### ...###
#.# .....§###
### .##
.....sSB##..#
.# #@§#..# .#
#s§#..# ##
##§§..#
##..## #..#
#..# #..#
####..#
##.....#


You could see Aizul (ally target), a tarantella, a friendly entropy weaver
(summoned) and a friendly tarantella (summoned).

Vanquished Creatures
  Gastronok (D:10)
  Fannar (Lair:2)
  2 boulder beetles (D:11)
  2 hydras
  3 two-headed ogres
  Erica (Lair:2)
  2 tengu warriors (D:11)
  A skeletal warrior (D:12)
  A wizard (D:11)
  Pikel (D:8)
  2 orc knights
  4 wolf spiders (Spider:1)
  A deep elf pyromancer (D:12)
  A moth of wrath (Spider:1)
  A cyclops (D:10)
  2 manticores (D:11)
  An elephant (D:10)
  Maurice (D:9)
  A black mamba (Lair:3)
  A gargoyle (D:11)
  An orange demon (Lair:2)
  2 unseen horrors (D:11)
  Maggie (D:10)
  A yaktaur (D:11)
  2 cane toads (Lair:2)
  2 komodo dragons (Lair:3)
  An efreet (D:12)
  A demonic crawler (Spider:1)
  A hornet (D:7)
  4 trolls
  8 tarantellas (Spider:1)
  9 slime creatures (D:12)
  5 blink frogs (Lair:2)
  A shadow (D:9)
  4 culicivoras (Spider:1)
  4 jumping spiders (Spider:1)
  3 wraiths
  26 yaks
  3 fire elementals (D:12)
  Grum (D:10)
  3 steam dragons
  7 vampire mosquitoes
  3 basilisks
  11 redbacks (Spider:1)
  Menkaure (D:4)
  An acid dragon (D:9)
  5 water moccasins
  Duvessa (D:4)
  10 orc warriors (Bailey)
  2 ice beasts
  2 sky beasts
  2 black bears
  8 wolves
  2 centaurs (D:11)
  2 lemures (D:8)
  2 kobold brigands
  5 bullfrogs
  A gnoll sergeant (D:10)
  2 scorpions (D:6)
  Dowan (D:4)
  A killer bee (D:11)
  3 howler monkeys
  3 hounds
  A jelly (D:4)
  6 orc priests
  An iguana (D:2)
  Ijyb (D:3)
  Natasha (twice) (D:4)
  7 orc wizards
  9 adders
  4 gnolls (D:10)
  A shadow imp (D:5)
  A white imp (D:6)
  An ufetubus (D:6)
  A worm (D:2)
  A dart slug (D:1)
  50 orcs
  6 endoplasms
  2 giant cockroaches
  10 goblins
  5 hobgoblins
  4 jackals
  21 kobolds
  5 quokkas
  7 ball pythons
  4 bats
  5 frilled lizards
  5 rats
  A butterfly (Lair:3)
349 creatures vanquished.

Vanquished Creatures (collateral kills)
  An entropy weaver (Spider:1)
  A hydra (Lair:2)
  A boulder beetle (Spider:1)
  Amaemon (Lair:2)
  An orb spider (Spider:1)
  2 wolf spiders (Spider:1)
  A torpor snail (Spider:1)
  A cane toad (Lair:1)
  A rime drake (Lair:2)
  A komodo dragon (Lair:1)
  A tarantella (Spider:1)
  3 jumping spiders (Spider:1)
  A culicivora (Spider:1)
  A yak (Lair:2)
  A vampire mosquito (D:10)
  3 redbacks (Spider:1)
  A water moccasin (Lair:1)
  A centaur (D:10)
  An electric eel (Lair:2)
  An orc wizard (D:10)
  An orc (D:9)
26 creatures vanquished.

Vanquished Creatures (others)
  An orc knight (Spider:1)
  A gargoyle (D:11)
  3 orc priests
  5 orcs
  4 fungi
  7 plants
21 creatures vanquished.

Grand Total: 396 creatures vanquished

Notes
Turn   | Place    | Note
-------+----------+-------------------------------------------
     0 | D:1      | Timisetechie the Hill Orc Fighter began the quest for the
                  | Orb.
     0 | D:1      | Reached XP level 1. HP: 19/19 MP: 1/1
   358 | D:1      | Reached XP level 2. HP: 27/27 MP: 2/2
   514 | D:1      | Reached skill level 3 in Axes
   516 | D:1      | Found a faded altar of an unknown god.
  1058 | D:2      | Found a stormy altar of Qazlal.
  1171 | D:2      | Reached XP level 3. HP: 33/33 MP: 3/3
  1604 | D:2      | Reached skill level 4 in Axes
  1604 | D:2      | Reached XP level 4. HP: 40/40 MP: 4/4
  1911 | D:2      | Found Vioq's Antique Weapon Emporium.
  2158 | D:3      | Found Nynkul's Antique Armour Shoppe.
  2403 | D:3      | Reached skill level 5 in Axes
  2403 | D:3      | Reached XP level 5. HP: 46/46 MP: 5/5
  2425 | D:3      | Found Femuf's Book Shoppe.
  2472 | D:3      | Noticed Ijyb
  2479 | D:3      | Killed Ijyb
  2748 | D:4      | Noticed Menkaure
  2759 | D:4      | Killed Menkaure
  2760 | D:4      | Reached skill level 6 in Axes
  2760 | D:4      | Reached XP level 6. HP: 15/53 MP: 6/6
  2816 | D:4      | Noticed Duvessa
  2816 | D:4      | Noticed Dowan
  2819 | D:4      | Killed Dowan
  2820 | D:4      | Reached skill level 1 in Dodging
  2820 | D:4      | Killed Duvessa
  2821 | D:4      | Reached skill level 7 in Axes
  2821 | D:4      | Reached XP level 7. HP: 58/60 MP: 7/7
  2893 | D:4      | Found a white marble altar of Elyvilon.
  3025 | D:4      | Noticed Blork the orc
  3032 | D:4      | Found a shimmering blue altar of Sif Muna.
  3090 | D:3      | Bought a runed helmet for 165 gold pieces
  3277 | D:4      | Noticed Natasha
  3290 | D:4      | Killed Natasha
  3450 | D:4      | Found a glowing golden altar of the Shining One.
  3501 | D:4      | Noticed Natasha
  3512 | D:4      | Killed Natasha
  3574 | D:5      | Entered Level 5 of the Dungeon
  3606 | D:5      | Became a worshipper of Beogh the Brigand
  3624 | D:5      | Found a snail-covered altar of Cheibriados.
  3746 | D:5      | Found a blossoming altar of Fedhas.
  3801 | D:5      | Found a shimmering altar of Xom.
  3818 | D:5      | Reached skill level 8 in Axes
  3828 | D:5      | Identified the ring of Ethics {rPois Int+7}
  4119 | D:5      | Reached skill level 5 in Fighting
  4292 | D:6      | Reached * piety under Beogh
  4325 | D:6      | Reached XP level 8. HP: 60/68 MP: 8/8
  4328 | D:6      | Reached skill level 9 in Axes
  4426 | D:6      | Found a burning altar of Makhleb.
  4436 | D:6      | Found a bloodstained altar of Trog.
  4440 | D:6      | Found a stormy altar of Qazlal.
  4488 | D:6      | Found an opulent altar of Gozag.
  4548 | D:6      | Found a hide-covered altar of Uskayaw.
  4646 | D:6      | Reached skill level 5 in Armour
  4646 | D:6      | Reached skill level 5 in Shields
  4662 | D:6      | Reached skill level 10 in Axes
  4690 | D:6      | Found a staircase to the Ecumenical Temple.
  5144 | D:7      | Noticed a hornet
  5147 | D:7      | Paralysed by a hornet for 3 turns
  5151 | D:7      | Killed a hornet
  5267 | D:8      | Found a hazy altar of Hepliaklqana.
  5317 | D:8      | Reached XP level 9. HP: 78/78 MP: 9/9
  5337 | D:8      | Reached skill level 11 in Axes
  5350 | D:8      | Reached ** piety under Beogh
  5458 | D:8      | Found a flagged portal.
  5473 | Bailey   | Entered a bailey
  5810 | Bailey   | Reached skill level 12 in Axes
  5840 | Bailey   | Noticed an orc knight
  5843 | Bailey   | Reached skill level 13 in Axes
  5843 | Bailey   | Reached XP level 10. HP: 79/91 MP: 10/10
  5853 | Bailey   | Killed an orc knight
  5871 | Bailey   | Identified the +6 arbalest of the Dozen Blessings {elec,
                  | rCorr Str+2 Dex+4}
  5873 | Bailey   | Identified the +6 arbalest "Wytz" {venom, *Corrode Fly
                  | rPois Dex+6}
  5949 | D:8      | Found Akkunlink's Self-Improvement Boutique.
  5955 | D:8      | Noticed Pikel
  5966 | D:8      | Killed Pikel
  5967 | D:8      | Reached skill level 5 in Dodging
  6087 | D:8      | Found an ornate altar of the Wu Jian Council.
  6158 | D:8      | Found a glowing silver altar of Zin.
  6271 | D:9      | Noticed Maurice
  6273 | D:9      | Reached XP level 11. HP: 97/97 MP: 11/11
  6283 | D:9      | Killed Maurice
  6291 | D:9      | Reached *** piety under Beogh
  6335 | D:9      | Found a shadowy altar of Dithmenos.
  6342 | D:9      | Reached skill level 14 in Axes
  6425 | D:9      | Noticed a two-headed ogre
  6441 | D:9      | Killed a two-headed ogre
  6557 | D:9      | Found a runed translucent door.
  6585 | D:9      | Found a runed translucent door.
  7126 | D:10     | Entered Level 10 of the Dungeon
  7159 | D:10     | You fall into a shaft and drop 1 floor!
  7172 | D:11     | Reached skill level 10 in Fighting
  7203 | D:11     | Found an iron altar of Okawaru.
  7203 | D:11     | Found an ornate altar of the Wu Jian Council.
  7203 | D:11     | Found an ancient bone altar of Kikubaaqudgha.
  7203 | D:11     | Found a shadowy altar of Dithmenos.
  7203 | D:11     | Noticed a cyclops
  7273 | D:11     | Noticed a tengu warrior
  7303 | D:11     | Noticed a two-headed ogre
  7303 | D:11     | Noticed a manticore
  7363 | D:11     | Killed a tengu warrior
  7380 | D:11     | Noticed an orc knight
  7393 | D:11     | Killed an orc knight
  7394 | D:11     | Reached skill level 15 in Axes
  7396 | D:11     | Killed a manticore
  7484 | D:11     | Identified the +6 scimitar of Disembowelment {vorpal,
                  | Str+4}
  7502 | D:11     | Noticed a wizard
  7504 | D:11     | Noticed a boulder beetle
  7507 | D:11     | Killed a wizard
  7509 | D:11     | Noticed a tengu warrior
  7516 | D:11     | Killed a boulder beetle
  7517 | D:11     | Reached XP level 12. HP: 110/110 MP: 12/12
  7520 | D:11     | Killed a tengu warrior
  7534 | D:11     | Identified the +0 robe of the Doldrums {Harm Int+2}
  7568 | D:11     | Reached **** piety under Beogh
  7584 | D:11     | Killed a two-headed ogre
  7645 | D:11     | Reached skill level 10 in Armour
  7866 | D:11     | Found Iphaigan's General Store.
  7880 | D:11     | Noticed a boulder beetle
  7895 | D:11     | Killed a boulder beetle
  8028 | D:11     | Noticed a two-headed ogre
  8103 | D:12     | Noticed a boulder beetle
  8107 | D:12     | Reached skill level 16 in Axes
  8145 | D:12     | Reached skill level 10 in Shields
  8150 | D:12     | Noticed Azrael
  8163 | D:12     | Noticed a five-headed hydra
  8176 | D:12     | Killed a one-headed hydra
  8303 | D:11     | Killed a two-headed ogre
  8611 | D:10     | Noticed Grum
  8613 | D:10     | Killed Grum
  8613 | D:10     | Noticed Maggie
  8633 | D:10     | Reached XP level 13. HP: 117/119 MP: 13/13
  8635 | D:10     | Killed Maggie
  8723 | D:10     | Found a staircase to the Lair.
  8781 | D:10     | Found a runed translucent door.
  8782 | D:10     | Noticed a stone giant
  8807 | D:10     | Noticed Gastronok
  8821 | D:10     | Killed Gastronok
  8915 | D:10     | Found a basalt altar of Yredelemnul.
  9189 | Lair:1   | Entered Level 1 of the Lair of Beasts
  9251 | Lair:1   | You fall into a shaft and drop 1 floor!
  9271 | Lair:2   | Reached ***** piety under Beogh
  9322 | Lair:2   | Reached skill level 17 in Axes
  9432 | Lair:1   | Found a dark tunnel.
 10011 | Lair:2   | Found a staircase to the Swamp.
 10099 | Lair:2   | Noticed Fannar
 10114 | Lair:2   | Noticed Erica
 10119 | Lair:2   | Killed Fannar
 10125 | Lair:2   | Killed Erica
 10326 | Lair:2   | Noticed Amaemon
 10336 | Lair:2   | Killed Amaemon
 10375 | Lair:2   | Gained Bogdar as an ally
 10960 | Lair:3   | Found a hole to the Spider Nest.
 11386 | Spider:1 | Entered Level 1 of the Spider Nest
 11591 | Spider:1 | Noticed an entropy weaver
 11600 | Spider:1 | Killed an entropy weaver
 11712 | Spider:1 | Reached XP level 14. HP: 131/132 MP: 14/14
 11756 | Spider:1 | Reached skill level 1 in Stealth
 12019 | Spider:1 | Your ally Bogdar died
 12306 | Spider:1 | Noticed Aizul
 12327 | Spider:1 | Slain by Aizul

Illustrated notes

Levels and vault maps discovered:
D:1:      ncdulo_wetmaze, layout_basic, chequers_ecumenical_altar_simple_redux,
          reono_crystal_passage
D:2:      layout_loops_corners, serial_co_window_serial, co_window_cross_1,
          co_window_paths_b, co_window_corner_a, co_window_corner_a,
          co_window_of_opportunity_a, co_window_corner_ca, co_window_cross_3,
          co_window_corner_ca, co_window_cross_4, co_window_of_opportunity_c,
          co_window_broadway_a, co_window_corner_b, serial_shops,
          shop_fountains, basic_altar
D:3:      layout_basic, serial_shops, nicolae_shop_hallway_stairs,
          nicolae_shop_behind_doors, hex_tiny, st_stairs_8,
          chequers_serial_rivers_micro_a, uniq_ijyb
D:4:      layout_cave_pools, tgw_sif, elyvilon_altar_4, kennysheep_little_box,
          uniq_menkaure, uniq_duvessa, uniq_natasha
D:5:      layout_basic, lemuel_doored_altar, mainiacjoe_overflow_24_doors,
          mainiacjoe_overflow_alcove_2
D:6:      layout_rooms, kennysheep_mini_moat, minmay_overflow_temple_star_quad,
          nicolae_gozag_cash_rules_everything_around_me,
          minmay_temple_entry_drinking_statues
D:7:      layout_cave_pools
D:8:      layout_rooms, zin_scriptorium,
          mainiacjoe_overflow_concentric_impassable,
          mainiacjoe_overflow_alcove_4, enter_bailey_3, nicolae_shop_self_help,
          uniq_pikel
D:9:      lemuel_insect_pit, layout_basic, overflow_temple_1_default,
          lightli_orcish_oven, uniq_maurice
D:10:     layout_rooms, mainiacjoe_overflow_surrounded_room, david_lair_generic,
          minivault_13, uniq_maggie, uniq_gastronok, uniq_grum
D:11:     minmay_the_grid_octo_tiled_octocenter_mashed
          [minmay_the_grid_octo_teeth, minmay_the_grid_octo_shrine,
          minmay_the_grid_octo_toaster, minmay_the_grid_octo_clover,
          minmay_the_grid_octo_prize_single_spiral,
          minmay_the_grid_square_5x5_shrine2,
          minmay_the_grid_square_5x5_inner_z,
          minmay_the_grid_square_5x5_n_small,
          minmay_the_grid_square_5x5_corner], layout_basic, serial_shops,
          nicolae_shop_crystal
D:12:     minmay_cut_squares, layout_rooms, hiddenorc1_lemuel, uniq_azrael
Lair:1:   layout_gridlike, enter_volcano_1
Lair:2:   layout_gridlike, swamp_mist, uniq_amaemon, uniq_erica, uniq_fannar
Lair:3:   layout_small_grid, dummy_spider_entry, lemuel_fruit_fields
Spider:1: layout_cave_pods, uniq_aizul

Skill      XL: |  1  2  3  4  5  6  7  8  9 10 11 12 13 14 |
---------------+-------------------------------------------+-----
Fighting       | 4 5 6 9 11 12 14 | 14.5
Axes           | 3 4 5 6 7 8 10 13 15 16 17 | 17.8
Armour         | 4 5 8 9 10 12 | 12.4
Dodging        | 1 2 4 5 |  5.8
Shields        | 4 5 8 9 10 11 12 | 12.0
Stealth        | 1 |  1.2

Action                   |  1- 3 |  4- 6 |  7- 9 | 10-12 | 13-15 || total
-------------------------+-------+-------+-------+-------+-------++-------
Melee: War axe           |    94 |   114 |   217 |   283 |   248 ||   956
Invok: Convert to Beogh  |       |       |     1 |       |       ||     1
  Use: Scroll            |     4 |     6 |    12 |    20 |    11 ||    53
       Potion            |     1 |     4 |     5 |    10 |     4 ||    24
 Stab: Distracted        |       |       |       |       |     1 ||     1
Armor: Scale mail        |    63 |    44 |   105 |    73 |       ||   285
       Plate armour      |       |       |       |   108 |   175 ||   283
Dodge: Dodged            |    50 |    52 |    81 |    86 |   106 ||   375
Block: Buckler           |    18 |    28 |    84 |    62 |       ||   192
       Kite shield       |       |       |       |    95 |   173 ||   268
